AoeStats
← Louis087577

Nomad

507131439Analyzed
3v3 RM · 17d ago on Sep 16, 2026· 48m 39s· 6 players
Game mode
Random Map
Map size
210×210
Population
200
Speed
Normal
Resources
Standard
Victory
Conquest
Starting age
Dark Age
Ending age
Imperial Age
RankedLock teamsTeams togetherTeam positionsShared explorationLock speedFull tech treeHidden civsTurbo modeCheats
Victory
Defeat
🇫🇷 Vietnamese · France
1065
+13
🇫🇷 Japanese · France
1031
+15
🇫🇷 Persians · France
987
+16
🇩🇪 Sicilians · Germany
1021
-15
🇧🇪 Vietnamese · Belgium
1000
-15
🇩🇪 Byzantines · Germany
983
-14
Lord Horst
3:49 Loom
18:20 Feudal Age
22:19 Fishing Lines
24:19 Town Watch
28:30 Castle Age
31:35 Fletching
34:47 Medium Warships
34:55 Medium Warships
34:36 Gillnets
34:59 Horse Collar
37:31 Heavy Plow
38:56 Demolition Ship
43:10 Imperial Age
40:41 Gold Mining
40:42 Stone Mining
42:08 Scale Mail Armor
42:19 Forging
43:41 Double-Bit Axe
44:02 Cavalier
Oracio
5:10 Loom
13:50 Feudal Age
15:13 Wheelbarrow
14:26 Double-Bit Axe
14:57 Town Watch
16:08 Horse Collar
16:25 Fishing Lines
21:35 Castle Age
20:10 Fletching
20:20 Padded Archer Armor
20:24 Scale Mail Armor
20:32 Gold Mining
21:39 Forging
22:35 Hand Cart
22:54 Bow Saw
23:03 Heavy Plow
23:11 Gillnets
25:03 Squires
26:39 Leather Archer Armor
27:24 Stone Mining
28:42 Bodkin Arrow
28:39 Crossbowman
31:08 Iron Casting
32:52 Stone Shaft Mining
31:53 Elite Skirmisher
34:53 Arson
35:49 Pikeman
48:27 Chain Mail Armor
Turaliyon
3:07 Loom
13:49 Feudal Age
14:20 Double-Bit Axe
19:28 Castle Age
17:30 Stone Mining
17:33 Gold Mining
20:37 Bow Saw
21:51 Wheelbarrow
22:31 Horse Collar
24:20 Murder Holes
26:04 Forging
25:44 Fletching
26:17 Ballistics
26:46 Hand Cart
25:55 Pikeman
30:10 Bodkin Arrow
32:55 Imperial Age
32:02 Iron Casting
31:14 Elite Skirmisher
32:56 Heavy Plow
33:34 Gold Shaft Mining
33:36 Stone Shaft Mining
32:43 Treadmill Crane
33:43 Bracer
34:40 Crop Rotation
34:44 Heavy Camel Rider
35:24 Husbandry
35:32 Scale Barding Armor
35:29 Padded Archer Armor
36:36 Chemistry
37:45 Block Printing
38:06 Theocracy
37:52 Sanctity
36:59 Halberdier
39:09 Squires
38:54 Arson
38:55 Gambesons
39:13 Scale Mail Armor
39:36 Bombard Tower
39:51 Conscription
40:07 Hoardings
41:26 Man-at-Arms
42:43 Chain Mail Armor
42:44 Leather Archer Armor
42:49 Chain Barding Armor
43:41 Long Swordsman
45:57 Imperial Skirmisher
Babou08
5:36 Loom
14:16 Feudal Age
18:51 Castle Age
18:09 Horse Collar
19:53 Double-Bit Axe
20:57 Bow Saw
21:32 Town Watch
22:16 Heavy Plow
24:15 Wheelbarrow
27:51 Hand Cart
31:51 Imperial Age
32:02 Scale Barding Armor
32:08 Forging
32:12 Bloodlines
32:02 Husbandry
33:09 Chain Barding Armor
32:22 Elite Battle Elephant
34:09 Gold Mining
34:59 Iron Casting
35:45 Chatras
37:32 Plate Barding Armor
38:32 Elite Skirmisher
39:17 Thumb Ring
39:06 Fletching
39:17 Padded Archer Armor
40:21 Chemistry
39:42 Ballistics
39:03 Treadmill Crane
39:49 Bodkin Arrow
39:32 Imperial Skirmisher
42:34 Crop Rotation
42:42 Bracer
Louis087577
4:36 Loom
15:50 Feudal Age
16:11 Double-Bit Axe
17:01 Fishing Lines
20:23 Wheelbarrow
20:19 Gold Mining
23:30 Castle Age
24:30 Bow Saw
24:35 Stone Mining
24:58 Gillnets
27:43 Man-at-Arms
29:55 Hand Cart
33:54 Town Watch
34:43 Town Patrol
39:17 Imperial Age
37:11 Ballistics
38:15 Gold Shaft Mining
38:16 Stone Shaft Mining
39:57 Murder Holes
41:12 Chemistry
40:44 Heated Shot
41:05 Masonry
40:53 Heated Shot
41:43 Conscription
42:11 Husbandry
42:22 Bloodlines
41:33 Cavalier
42:37 Scale Barding Armor
42:43 Forging
42:25 Fletching
43:07 Citadels
jj84
7:53 Loom
14:56 Feudal Age
15:09 Man-at-Arms
16:24 Horse Collar
18:39 Wheelbarrow
17:53 Arson
19:50 Double-Bit Axe
24:38 Castle Age
23:16 Forging
23:12 Scale Mail Armor
25:59 Bow Saw
25:51 Heavy Plow
26:16 Long Swordsman
27:23 Hand Cart
27:21 Gambesons
27:37 Squires
32:37 Pikeman
33:34 Chain Mail Armor
35:40 Iron Casting
39:36 Imperial Age
38:12 Treadmill Crane
38:28 Murder Holes
38:44 Masonry
38:48 Fletching
39:56 Two-Handed Swordsman
39:56 Halberdier
41:50 Champion
44:58 Town Watch
47:30 Two-Man Saw
46:41 Caravan
47:30 Kataparuto
47:33 Conscription
47:50 Hoardings
Connection lost

Rejoining the realm…

Still unreachable

The connection could not be restored.

Session expired

The server has moved on; the page needs a fresh start.